 Dungeon Crawl Stone Soup version 0.29-a0-1016-g236c7fd91e (webtiles) character file.

Game seed: 3906574064681199437

132 leavemydog the Conjurer (level 4, 0/24 HPs)
             Began as a Deep Elf Conjurer on Aug 9, 2022.
             Slain by an orc
             ... wielding a +0 hand axe
              (3 damage)
             ... on level 3 of the Dungeon.
             The game lasted 00:03:29 (2842 turns).

leavemydog the Conjurer (Deep Elf Conjurer)         Turns: 2842, Time: 00:03:30

Health: 0/24       AC:  2    Str:  4    XL:     4   Next: 92%
Magic:  3/12       EV: 12    Int: 25    God:
Gold:   114        SH:  0    Dex: 13    Spells: 4/11 levels left

rFire   . . .      SeeInvis +   o - +0 dagger
rCold   . . .      Faith    .   (no shield)
rNeg    . . .      Spirit   .   a - +0 robe
rPois   .          Reflect  .   (no helmet)
rElec   .          Harm     .   (no cloak)
rCorr   .          Rampage  .   (no gloves)
Will    .....                   (no boots)
Stlth   ++........              (no amulet)
HPRegen 0.08/turn               h - ring of see invisible
MPRegen 0.13/turn               (no ring)

@: no status effects
A: no striking features
a: no special abilities


You were on level 3 of the Dungeon.
You visited 1 branch of the dungeon, and saw 3 of its levels.

You collected 114 gold pieces.

Inventory:

Hand Weapons
 o - a +0 dagger (weapon)
Missiles
 g - 6 poisoned darts
Armour
 a - a +0 robe (worn)
Jewellery
 f - a ring of ice
 h - a ring of see invisible (left hand)
 m - a ring of positive energy
 p - a ring of wizardry
Wands
 q - a wand of paralysis (12)
Scrolls
 i - 2 scrolls of identify {unknown}
 j - a scroll of fog {unknown}
 k - a scroll of amnesia {unknown}
 l - a scroll of immolation {unknown}
Potions
 b - a potion of magic
 c - 2 potions of haste
 d - a potion of flight {unknown}
 e - 3 potions of curing
 n - a potion of might {unknown}
 r - a potion of experience {unknown}


   Skills:
 - Level 2.4 Dodging
 - Level 2.4 Stealth
 - Level 0.1 Unarmed Combat
 + Level 4.4 Spellcasting
 + Level 6.1 Conjurations
 * Level 1.0 Translocations


You had 4 spell levels left.
You knew the following spells:

 Your Spells              Type           Power      Damage    Failure   Level
a - Magic Dart            Conj           100%       1d8       1%          1
b - Searing Ray           Conj           72%        2d7       1%          2
c - Iskenderun's Mystic   Conj/Tloc      23%        2d6       21%         4

Your spell library contained the following spells:

 Spells                   Type           Power      Damage    Failure   Level
 Apportation              Tloc           20%        N/A       6%          1
 Dazzling Flash           Conj/Hex       40%        N/A       8%          3
 Fulminant Prism          Conj/Hex       10%        3d9       24%         4
 Alistair's Intoxication  Tmut/Pois      3%         N/A       94%         5


Dungeon Overview and Level Annotations

Branches:
Dungeon (3/15)

Altars:


Message History

The orc hits you with a +0 hand axe.
You hit the orc but do no damage.
The orc is lightly wounded.
The orc closely misses you.
You hit the orc but do no damage.
The orc is lightly wounded.
The orc closely misses you.
You hit the orc.
The orc is heavily wounded.
The orc hits you with a +0 hand axe.
The magic dart hits the orc but does no damage.
The orc is heavily wounded.
The orc hits you with a +0 hand axe.
You barely miss the orc.
The orc is heavily wounded.
The orc hits you with a +0 hand axe.
* * * LOW HITPOINT WARNING * * *
You hit the orc but do no damage.
The orc is heavily wounded.
The orc hits you with a +0 hand axe.
* * * LOW HITPOINT WARNING * * *
It was a potion of curing.
You feel better. The orc hits you with a +0 hand axe.
The orc attacks as you move away! The orc misses you.
The orc attacks as you move away! The orc barely misses you.
The orc attacks as you move away! The orc completely misses you.
An orc comes into view. It is wielding a +0 short sword.
The orc attacks as you move away! The orc hits you with a +0 hand axe.
The orc attacks as you move away! The orc barely misses you.
The orc attacks as you move away! The orc hits you with a +0 hand axe.
* * * LOW HITPOINT WARNING * * *
The orc attacks as you move away! The orc hits you with a +0 hand axe.
* * * LOW HITPOINT WARNING * * *
The orc attacks as you move away! The orc barely misses you.
You feel better.
An orc priest comes into view. It is wielding a +0 club.
The orc hits you with a +0 hand axe.
* * * LOW HITPOINT WARNING * * *
The orc attacks as you move away! The orc hits you with a +0 hand axe.
You die...

##############
.............###
#.....[(.o.....####
#.............o...#######
#..#########.#.o@........
#..# #.####.#######
#.#....... #.# #.#
.###..#### #.# #.#######
#.#.#.# #.# #........
...# .# ..# #)########.##
#### . ### #.##.........
).......
.######.##.#####.##
####.$..#
......<....#####.


You could see an orc priest (wandering) and 2 orcs.

Vanquished Creatures
  Ijyb (D:3)
  2 adders
  A gnoll (D:1)
  2 worms (D:2)
  A dart slug (D:1)
  2 orcs (D:3)
  8 ball pythons
  5 bats
  9 endoplasms
  2 giant cockroaches
  6 goblins
  9 hobgoblins (D:1)
  3 jackals (D:1)
  A kobold (D:1)
  2 quokkas (D:2)
  5 frilled lizards
  3 rats
62 creatures vanquished.

Notes
Turn   | Place    | Note
-------+----------+-------------------------------------------
     0 | D:1      | leavemydog the Deep Elf Conjurer began the quest for the
                  | Orb.
     0 | D:1      | Reached XP level 1. HP: 10/10 MP: 6/6
    31 | D:1      | Found a faded altar of an unknown god.
   145 | D:1      | Reached skill level 5 in Conjurations
   145 | D:1      | Reached XP level 2. HP: 11/15 MP: 0/8
   152 | D:1      | Learned a level 2 spell: Searing Ray
   478 | D:1      | Reached XP level 3. HP: 14/19 MP: 0/9
  1902 | D:2      | Reached XP level 4. HP: 24/24 MP: 8/11
  2072 | D:2      | Learned a level 4 spell: Iskenderun's Mystic Blast
  2682 | D:3      | Noticed Ijyb
  2689 | D:3      | Killed Ijyb
  2690 | D:3      | Reached skill level 6 in Conjurations
  2807 | D:3      | Reached skill level 1 in Translocations
  2842 | D:3      | Slain by an orc

Illustrated notes

Levels and vault maps discovered:
D:1:      minmay_arrival_radiant_lines, layout_rooms,
          ebering_ecumenical_altar_rust, minmay_misc_feat_tower
D:2:      minmay_angry_zag, layout_loops_ring
D:3:      layout_loops_ring, nicolae_wu_jian_immortal_techniques,
          kennysheep_okawaru_gauntlet, uniq_ijyb, uniq_terence, uniq_sigmund

Skill      XL: |  1  2  3  4 |
---------------+-------------+-----
Conjurations   | 5 6 |  6.1
Spellcasting   | 4 |  4.4
Translocations | 1 |  1.0
Dodging        | |  2.4
Stealth        | |  2.4
Unarmed Combat | |  0.1

Action                   |  1- 3 |  4- 6 || total
-------------------------+-------+-------++-------
Melee: Unarmed           |     5 |       ||     5
       Dagger            |       |     7 ||     7
 Cast: Magic Dart        |    96 |    31 ||   127
       Searing Ray       |       |     4 ||     4
  Use: Potion            |     1 |     2 ||     3
Armor: Robe              |     2 |       ||     2
Dodge: Dodged            |    19 |     9 ||    28

Table legend: (Time is in decaauts)
 A = Elapsed time spent in this place.
 B = Non-inter-level travel time spent in this place.
 C = Inter-level travel time spent in this place.
 D = Time resting spent in this place.
 E = Time spent auto-exploring this place.
 F = Levels seen in this place.
 G = Mean time per level.
                   A        B        C        D        E       F      G
               +--------+--------+--------+--------+--------+-----+--------+
         Total |   2824 |   2722 |    102 |   1045 |   1392 |   3 |  941.3 |
       Dungeon |   2824 |   2722 |    102 |   1045 |   1392 |   3 |  941.3 |
               +--------+--------+--------+--------+--------+-----+--------+

Top non-repeatable levels by time:
     D:1: 1531 daAuts
     D:2: 1124 daAuts
     D:3: 168 daAuts
